Kings vs Kraken

Created - June 5, 2023 at 20:43

Goals
1 2 3 T
Kings 1 0 2 3
Kraken 1 0 1 2
Shots
1 2 3 T
Kings 8 13 10 31
Kraken 9 8 15 32

GoalsPenalties
1st period
1. Kings , Mitch Marner 33 (Alex Ovechkin 38) at 2:35
2. Kraken , Viktor Arvidsson 20 (Ondrej Palat 24, John Tavares 29) at 13:18
Evan Rodrigues (SEA) for Holding (Minor) at 15:24
2nd period
No Goal
Damon Severson (SEA) for Holding (Minor) at 9:59
Alex Ovechkin (LAK) for Roughing (Minor) at 15:48
3rd period
3. Kings , Mitch Marner 34 (Anthony Cirelli 24, Ian Cole 24) at 11:48 (SH)
4. Kings , Nathan MacKinnon 33 (Mitch Marner 31) at 16:07
5. Kraken , John Tavares 22 (Evan Rodrigues 19, Jared Spurgeon 38) at 19:31 (PP)
Lars Eller (SEA) for Tripping (Minor) at 1:55
Alex Ovechkin (LAK) for Charging (Minor) at 11:18
Josh Anderson (LAK) for Roughing (Minor) at 19:03
Goalie Stats
Jordan Binnington (LAK), 30 saves from 32 shots - (0.938), W, 12-12-2, 60:00 minutes
Jake Oettinger (SEA), 28 saves from 31 shots - (0.903), L, 24-19-0, 59:35 minutes
3 StarsOfficial
1 - Mitch Marner (LAK)
2 - Nathan MacKinnon (LAK)
3 - John Tavares (SEA)
Referees : Tim Mayer and Jake Brenk
Linesman : Julien Fournier and Travis Gawryletz
Game Note
No Game Note
Finance
Level 1 -- Attendance: 5461 (91.02%) -- Ticket Income $917,448
Level 2 -- Attendance: 4893 (97.86%) -- Ticket Income $577,374
Level 3 -- Attendance: 3554 (88.85%) -- Ticket Income $330,522
Level 4 -- Attendance: 2951 (98.37%) -- Ticket Income $194,766
Luxury Box -- Attendance: 1000 (100.00%) -- Ticket Income $252,000
Game was played at the Climate Pledge Arena.
Total Attendance: 17859 (93.99%)
Total Ticket Income: $2,272,110
Total Income: $2,272,110



Team Name Goals Shots Shots Attemp Shots Blocked PIM HIT PP PK FO%
Kings 3315376210 / 3 (0%)133%
Kraken 2326596121 / 3 (33%)067%

Kings
Player Name POS G A P +/- PIM HIT SHT SB MP PP MP PP SHT PK MP PK SHT FO% FOT
Alex OvechkinLW0112402020:212:4200:0000% 2
Anthony CirelliC/RW0110004019:313:1501:32032% 22
Calle RosenD0000011013:340:0000:0000% 0
Craig SmithLW/RW000002309:310:0000:0000% 0
Ian ColeD0111010020:482:2402:0900% 0
Jake DeBruskLW/RW000000019:310:0000:0000% 1
Jeremy LauzonD0001010020:482:2402:0900% 0
Josh AndersonLW/RW000-1241017:583:1510:0000% 0
Mikhail MaltsevC/LW000000207:410:0000:00058% 12
Mitch MarnerRW2133022123:282:4203:0510% 1
Nathan MacKinnonC1012034020:232:4210:00047% 19
Nicolas RoyC/LW/RW000-1014017:593:1510:0000% 0
Noah DobsonD0001010225:343:3302:1700% 0
Pat MaroonLW/RW000003208:540:0001:0900% 0
Philip TomasinoC000001309:270:0000:00027% 11
Pierre EngvallLW/RW0000002010:470:0003:0600% 10
Seth JonesD0001011225:383:3312:1700% 0
Travis DermottD0000000113:380:0000:0000% 0
Kraken
Player Name POS G A P +/- PIM HIT SHT SB MP PP MP PP SHT PK MP PK SHT FO% FOT
Brayden McNabbD000-1020317:210:0002:3800% 0
Brenden DillonD0000010016:100:0001:0100% 0
Damon SeversonD0000211121:150:0001:5900% 0
Derek ForbortD0000000218:310:0003:2200% 0
Derick BrassardC/LW000000107:030:0000:00060% 5
Evan RodriguesC/LW/RW011-2201012:552:2601:020100% 1
Jared SpurgeonD011-2001020:182:1712:5000% 0
Jay BeagleC/RW000001007:030:0000:000100% 1
Joel Eriksson EkC/LW/RW0000034022:292:0003:41066% 29
John TavaresC112-1011019:392:2610:27077% 26
Lars EllerC000-1220110:510:0001:24054% 13
Nick SchmaltzC/LW/RW0000009020:572:0022:0900% 1
Ondrej PalatLW/RW011-1004118:442:2600:0000% 0
Phil KesselLW/RW000-2002011:452:1700:0000% 0
Ross ColtonC/LW/RW000000407:030:0000:0000% 1
Shayne GostisbehereD0000000121:582:0900:0400% 0
Valeri NichushkinLW/RW0000012021:312:0003:110100% 1
Viktor ArvidssonLW/RW1010002018:272:0900:0000% 0

Kings

5 vs 5 Forward
Line #Left WingCenterRight WingPHYDFOFWanted %Time %Time Play
1Alex OvechkinNathan MacKinnonMitch Marner1224035%17:17
2Josh AndersonAnthony CirelliNicolas Roy1223030%14:44
3Jake DeBruskPhilip TomasinoCraig Smith1222019%9:27
4Pierre EngvallMikhail MaltsevPat Maroon1221016%7:41
5 vs 5 Defense
Line #DefenseDefensePHYDFOFWanted %Time %Time Play
1Seth JonesNoah Dobson1224036%17:31
2Ian ColeJeremy Lauzon1223033%16:15
3Travis DermottCalle Rosen1222028%13:34
4Seth JonesNoah Dobson122104%1:49
Power Play Forward
Line #Left WingCenterRight WingPHYDFOFWanted %Time %Time Play
1Alex OvechkinNathan MacKinnonMitch Marner1226045%2:42
2Josh AndersonAnthony CirelliNicolas Roy1224055%3:15
Power Play Defense
Line #DefenseDefensePHYDFOFWanted %Time %Time Play
1Seth JonesNoah Dobson1226060%3:33
2Ian ColeJeremy Lauzon1224040%2:24
Penalty Kill 4 Players Forward
Line #CenterWingPHYDFOFWanted %Time %Time Play
1Alex OvechkinMitch Marner1226095%4:14
2Nathan MacKinnonAnthony Cirelli122405%0:12
Penalty Kill 4 Players Defense
Line #DefenseDefensePHYDFOFWanted %Time %Time Play
1Seth JonesNoah Dobson1226052%2:17
2Ian ColeJeremy Lauzon1224048%2:09
Penalty Kill 3 Players
Line #WingPHYDFOFWanted %Time %Time PlayDefenseDefensePHYDFOFWanted %Time %Time Play
1Alex Ovechkin122600%0:00 Seth JonesNoah Dobson122600%0:00
2Mitch Marner122400%0:00 Ian ColeJeremy Lauzon122400%0:00
4 vs 4 Forward
Line #CenterWingPHYDFOFWanted %Time %Time Play
1Alex OvechkinMitch Marner122600%0:00
2Nathan MacKinnonAnthony Cirelli122400%0:00
4 vs 4 Defense
Line #DefensePHYDFOFWanted %Time %Time Play
1Seth JonesNoah Dobson122600%0:00
2Ian ColeJeremy Lauzon122400%0:00
Last Minutes Offensive
Left WingCenterRight WingDefenseDefense
Alex OvechkinNathan MacKinnonMitch MarnerSeth JonesNoah Dobson
Last Minutes Defensive
Left WingCenterRight WingDefenseDefense
Alex OvechkinNathan MacKinnonMitch MarnerSeth JonesNoah Dobson
Time
Total ForwardTotal DefenseLast Minutes OffensiveLast Minutes Defensive
60:00 60:00 0:000:28
Extra Forwards
Normal PowerPlayPenalty Kill
Jake DeBrusk, Craig Smith, Pierre EngvallJake DeBrusk, Craig SmithPierre Engvall
Extra Defensemen
Normal PowerPlayPenalty Kill
Travis Dermott, Calle Rosen, Ian ColeTravis Dermott, Calle RosenIan Cole
Penalty Shots
Alex Ovechkin, Mitch Marner, Nathan MacKinnon, Anthony Cirelli, Josh Anderson
Goalie
Jordan Binnington, James Reimer
Custom OT Lines Forwards
Alex Ovechkin, Mitch Marner, Nathan MacKinnon, Anthony Cirelli, Josh Anderson, Nicolas Roy, Jake DeBrusk, Craig Smith, Pierre Engvall, Pat Maroon
Custom OT Lines Defensemen
Seth Jones, Noah Dobson, Ian Cole, Jeremy Lauzon, Travis Dermott
Scratches
Thomas Chabot (Healthy), Morgan Klimchuk (Healthy), Austin Strand (Healthy)

Kraken

5 vs 5 Forward
Line #Left WingCenterRight WingPHYDFOFWanted %Time %Time Play
1Nick SchmaltzJoel Eriksson EkValeri Nichushkin0413533%16:20
2Ondrej PalatJohn TavaresViktor Arvidsson0143533%16:18
3Phil KesselLars EllerEvan Rodrigues0232019%9:28
4Ross ColtonDerick BrassardJay Beagle0321014%7:03
5 vs 5 Defense
Line #DefenseDefensePHYDFOFWanted %Time %Time Play
1Damon SeversonShayne Gostisbehere0234039%19:17
2Jared SpurgeonBrayden McNabb0323030%14:43
3Derek ForbortBrenden Dillon0322020%9:54
4Derek ForbortBrenden Dillon0411011%5:15
Power Play Forward
Line #Left WingCenterRight WingPHYDFOFWanted %Time %Time Play
1Nick SchmaltzJoel Eriksson EkValeri Nichushkin0056045%2:00
2Evan RodriguesJohn TavaresOndrej Palat0054055%2:26
Power Play Defense
Line #DefenseDefensePHYDFOFWanted %Time %Time Play
1Shayne GostisbehereViktor Arvidsson0056048%2:09
2Jared SpurgeonPhil Kessel0054052%2:17
Penalty Kill 4 Players Forward
Line #CenterWingPHYDFOFWanted %Time %Time Play
1Joel Eriksson EkValeri Nichushkin0506073%4:21
2Lars EllerNick Schmaltz0504027%1:36
Penalty Kill 4 Players Defense
Line #DefenseDefensePHYDFOFWanted %Time %Time Play
1Brayden McNabbDerek Forbort0506045%2:42
2Jared SpurgeonDamon Severson0504055%3:15
Penalty Kill 3 Players
Line #WingPHYDFOFWanted %Time %Time PlayDefenseDefensePHYDFOFWanted %Time %Time Play
1Joel Eriksson Ek050600%0:00 Brayden McNabbDerek Forbort050600%0:00
2Lars Eller050400%0:00 Jared SpurgeonDamon Severson050400%0:00
4 vs 4 Forward
Line #CenterWingPHYDFOFWanted %Time %Time Play
1Joel Eriksson EkValeri Nichushkin032600%0:00
2John TavaresNick Schmaltz032400%0:00
4 vs 4 Defense
Line #DefensePHYDFOFWanted %Time %Time Play
1Brayden McNabbDerek Forbort032600%0:00
2Jared SpurgeonDamon Severson032400%0:00
Last Minutes Offensive
Left WingCenterRight WingDefenseDefense
Joel Eriksson EkJohn TavaresNick SchmaltzJared SpurgeonShayne Gostisbehere
Last Minutes Defensive
Left WingCenterRight WingDefenseDefense
Joel Eriksson EkLars EllerValeri NichushkinBrayden McNabbDerek Forbort
Time
Total ForwardTotal DefenseLast Minutes OffensiveLast Minutes Defensive
60:00 60:00 0:280:00
Extra Forwards
Normal PowerPlayPenalty Kill
John Tavares, Joel Eriksson Ek, Valeri NichushkinJohn Tavares, Joel Eriksson EkJoel Eriksson Ek
Extra Defensemen
Normal PowerPlayPenalty Kill
Damon Severson, Shayne Gostisbehere, Jared SpurgeonShayne Gostisbehere, Brayden McNabbDerek Forbort
Penalty Shots
John Tavares, Joel Eriksson Ek, Nick Schmaltz, Valeri Nichushkin, Viktor Arvidsson
Goalie
Jake Oettinger, Kevin Lankinen
Custom OT Lines Forwards
John Tavares, Joel Eriksson Ek, Valeri Nichushkin, Nick Schmaltz, Viktor Arvidsson, Ondrej Palat, Evan Rodrigues, Phil Kessel, Lars Eller, Ross Colton
Custom OT Lines Defensemen
Damon Severson, Shayne Gostisbehere, Jared Spurgeon, Brayden McNabb, Derek Forbort
Scratches
Patric Hornqvist (Left Wrist Injury), Brad Richardson (Healthy), Kris Russell (Healthy), Braden Holtby (Healthy)


Play-by-Play

1st period


0:01 of 1st period - Joel Eriksson Ek wins face-off versus Nathan MacKinnon in neutral zone.
0:29 of 1st period - Shot by Shayne Gostisbehere.
0:29 of 1st period - Shot Blocked by Noah Dobson.
0:31 of 1st period - Shot by Valeri Nichushkin.
0:31 of 1st period - Deflect By Nick Schmaltz.
0:31 of 1st period - Shot Blocked by Mitch Marner.
0:33 of 1st period - Shot by Nick Schmaltz.
0:33 of 1st period - Stopped by Jordan Binnington without a rebound.
0:34 of 1st period - Anthony Cirelli wins face-off versus John Tavares in Kings zone.
0:47 of 1st period - Shot by Ondrej Palat.
0:47 of 1st period - Deflect By Viktor Arvidsson.
0:47 of 1st period - Stopped by Jordan Binnington with a rebound.
1:01 of 1st period - Shot by Viktor Arvidsson.
1:01 of 1st period - Shot Misses the Net.
1:11 of 1st period - Shot by Viktor Arvidsson.
1:11 of 1st period - Shot Misses the Net.
1:24 of 1st period - Icing by Brayden McNabb.
1:25 of 1st period - John Tavares wins face-off versus Philip Tomasino in Kraken zone.
1:55 of 1st period - Off-side.
1:56 of 1st period - Derick Brassard wins face-off versus Nathan MacKinnon in neutral zone.
2:09 of 1st period - Shot by Ross Colton.
2:09 of 1st period - Shot Blocked by Seth Jones.
2:15 of 1st period - Shot by Ross Colton.
2:15 of 1st period - Stopped by Jordan Binnington without a rebound.
2:16 of 1st period - Mikhail Maltsev wins face-off versus Joel Eriksson Ek in Kings zone.
2:23 of 1st period - Shot by Pierre Engvall.
2:23 of 1st period - Stopped by Jake Oettinger without a rebound.
2:24 of 1st period - Nathan MacKinnon wins face-off versus Lars Eller in Kraken zone.
2:33 of 1st period - Shot by Alex Ovechkin.
2:33 of 1st period - Shot Blocked by Derek Forbort.
2:35 of 1st period - Shot by Mitch Marner.
2:35 of 1st period - Goal by Mitch Marner - Kings : 1 - Kraken : 0.
2:36 of 1st period - Mikhail Maltsev wins face-off versus Nick Schmaltz in neutral zone.
2:55 of 1st period - Pierre Engvall is hit by Joel Eriksson Ek and loses puck.
4:05 of 1st period - Evan Rodrigues is hit by Noah Dobson and loses puck.
4:49 of 1st period - Shot by Nicolas Roy.
4:49 of 1st period - Shot Blocked by Lars Eller.
4:51 of 1st period - Shot by Jeremy Lauzon.
4:51 of 1st period - Shot Misses the Net.
4:53 of 1st period - Shot by Ian Cole.
4:53 of 1st period - Shot Misses the Net.
5:04 of 1st period - Jake DeBrusk is hit by Brenden Dillon and loses puck.
5:13 of 1st period - Shot by Philip Tomasino.
5:13 of 1st period - Stopped by Jake Oettinger without a rebound.
5:14 of 1st period - Mikhail Maltsev wins face-off versus John Tavares in Kraken zone.
5:29 of 1st period - Shot by Pat Maroon.
5:29 of 1st period - Stopped by Jake Oettinger without a rebound.
5:30 of 1st period - Joel Eriksson Ek wins face-off versus Philip Tomasino in Kraken zone.
6:06 of 1st period - Joel Eriksson Ek is hit by Calle Rosen and loses puck.
6:33 of 1st period - Shot by Mitch Marner.
6:33 of 1st period - Shot Misses the Net.
6:53 of 1st period - Shot by Nathan MacKinnon.
6:53 of 1st period - Stopped by Jake Oettinger without a rebound.
6:54 of 1st period - Jay Beagle wins face-off versus Anthony Cirelli in Kraken zone.
6:54 of 1st period - Jay Beagle is hit by Nicolas Roy.
7:42 of 1st period - Icing by Joel Eriksson Ek.
7:43 of 1st period - Joel Eriksson Ek wins face-off versus Nathan MacKinnon in Kraken zone.
7:50 of 1st period - Shot by Joel Eriksson Ek.
7:50 of 1st period - Stopped by Jordan Binnington with a rebound.
7:56 of 1st period - Shot by Joel Eriksson Ek.
7:56 of 1st period - Shot Misses the Net.
7:58 of 1st period - Shot by Valeri Nichushkin.
7:58 of 1st period - Stopped by Jordan Binnington without a rebound.
7:59 of 1st period - John Tavares wins face-off versus Mikhail Maltsev in Kings zone.
8:21 of 1st period - Shot by Pierre Engvall.
8:21 of 1st period - Shot Misses the Net.
8:55 of 1st period - Shot by Alex Ovechkin.
8:55 of 1st period - Shot Blocked by Derek Forbort.
9:20 of 1st period - Icing by Shayne Gostisbehere.
9:21 of 1st period - Joel Eriksson Ek wins face-off versus Anthony Cirelli in Kraken zone.
9:21 of 1st period - Joel Eriksson Ek is hit by Josh Anderson.
9:24 of 1st period - Icing by Valeri Nichushkin.
9:25 of 1st period - Joel Eriksson Ek wins face-off versus Anthony Cirelli in Kraken zone.
9:25 of 1st period - Joel Eriksson Ek is hit by Josh Anderson.
9:44 of 1st period - Joel Eriksson Ek is hit by Ian Cole and loses puck.
9:53 of 1st period - Shot by Josh Anderson.
9:53 of 1st period - Shot Misses the Net.
10:04 of 1st period - Off-side.
10:05 of 1st period - Derick Brassard wins face-off versus Nathan MacKinnon in neutral zone.
10:18 of 1st period - Shot by Nathan MacKinnon.
10:18 of 1st period - Shot Blocked by Brayden McNabb.
12:24 of 1st period - Shot by Joel Eriksson Ek.
12:24 of 1st period - Stopped by Jordan Binnington with a rebound.
12:52 of 1st period - Shot by Calle Rosen.
12:52 of 1st period - Stopped by Jake Oettinger without a rebound.
12:53 of 1st period - Mikhail Maltsev wins face-off versus Lars Eller in Kraken zone.
13:00 of 1st period - Shot by Pierre Engvall.
13:00 of 1st period - Deflect By Pat Maroon.
13:00 of 1st period - Stopped by Jake Oettinger with a rebound.
13:10 of 1st period - Shot by Phil Kessel.
13:10 of 1st period - Stopped by Jordan Binnington without a rebound.
13:11 of 1st period - John Tavares wins face-off versus Anthony Cirelli in Kings zone.
13:16 of 1st period - Shot by Viktor Arvidsson.
13:16 of 1st period - Shot Misses the Net.
13:18 of 1st period - Shot by Viktor Arvidsson.
13:18 of 1st period - Goal by Viktor Arvidsson - Kings : 1 - Kraken : 1.
13:19 of 1st period - Mikhail Maltsev wins face-off versus John Tavares in neutral zone.
13:40 of 1st period - Shot by Ondrej Palat.
13:40 of 1st period - Shot Misses the Net.
14:07 of 1st period - Icing by Derek Forbort.
14:08 of 1st period - Nathan MacKinnon wins face-off versus John Tavares in Kraken zone.
14:31 of 1st period - Off-side.
14:32 of 1st period - Anthony Cirelli wins face-off versus Joel Eriksson Ek in neutral zone.
15:08 of 1st period - Valeri Nichushkin is hit by Jeremy Lauzon and loses puck.
15:11 of 1st period - Shot by Joel Eriksson Ek.
15:11 of 1st period - Stopped by Jordan Binnington without a rebound.
15:12 of 1st period - Lars Eller wins face-off versus Nathan MacKinnon in Kings zone.
15:12 of 1st period - Brayden McNabb is hit by Seth Jones and loses puck.
15:24 of 1st period - Minor Penalty to Evan Rodrigues for Holding.
15:25 of 1st period - Nathan MacKinnon wins face-off versus Joel Eriksson Ek in Kraken zone.
16:28 of 1st period - Shot by Jeremy Lauzon.
16:28 of 1st period - Shot Blocked by Brayden McNabb.
16:30 of 1st period - Shot by Nicolas Roy.
16:30 of 1st period - Stopped by Jake Oettinger without a rebound.
16:31 of 1st period - Lars Eller wins face-off versus Anthony Cirelli in Kraken zone.
16:53 of 1st period - Shot by Josh Anderson.
16:53 of 1st period - Shot Blocked by Damon Severson.
17:27 of 1st period - Icing by Josh Anderson.
17:28 of 1st period - John Tavares wins face-off versus Philip Tomasino in Kings zone.
18:28 of 1st period - Icing by Damon Severson.
18:29 of 1st period - John Tavares wins face-off versus Mikhail Maltsev in Kraken zone.
18:29 of 1st period - John Tavares is hit by Pat Maroon.
19:25 of 1st period - Icing by Ian Cole.
19:26 of 1st period - Nathan MacKinnon wins face-off versus Joel Eriksson Ek in Kings zone.
Goals for this period are 1 for Kings vs 1 for Kraken.
Shots for this period are 8 for Kings vs 9 for Kraken.

2nd period


0:01 of 2nd period - Anthony Cirelli wins face-off versus Joel Eriksson Ek in neutral zone.
1:59 of 2nd period - Shot by Phil Kessel.
1:59 of 2nd period - Shot Misses the Net.
2:01 of 2nd period - Shot by Phil Kessel.
2:01 of 2nd period - Stopped by Jordan Binnington with a rebound.
2:42 of 2nd period - Shot by Derick Brassard.
2:42 of 2nd period - Stopped by Jordan Binnington without a rebound.
2:43 of 2nd period - Philip Tomasino wins face-off versus Joel Eriksson Ek in Kings zone.
2:48 of 2nd period - Shot by Philip Tomasino.
2:48 of 2nd period - Stopped by Jake Oettinger without a rebound.
2:49 of 2nd period - Joel Eriksson Ek wins face-off versus Philip Tomasino in Kraken zone.
3:13 of 2nd period - Shot by Joel Eriksson Ek.
3:13 of 2nd period - Shot Blocked by Seth Jones.
3:40 of 2nd period - Anthony Cirelli is hit by Damon Severson and loses puck.
4:16 of 2nd period - Icing by Jared Spurgeon.
4:17 of 2nd period - John Tavares wins face-off versus Mikhail Maltsev in Kraken zone.
4:17 of 2nd period - Jared Spurgeon is hit by Pat Maroon and loses puck.
4:24 of 2nd period - Shot by Ondrej Palat.
4:24 of 2nd period - Stopped by Jordan Binnington without a rebound.
4:25 of 2nd period - Lars Eller wins face-off versus Mikhail Maltsev in Kings zone.
5:53 of 2nd period - Brayden McNabb is hit by Mitch Marner and loses puck.
7:32 of 2nd period - Shot by Nick Schmaltz.
7:32 of 2nd period - Stopped by Jordan Binnington with a rebound.
8:08 of 2nd period - Mitch Marner is hit by Joel Eriksson Ek and loses puck.
8:35 of 2nd period - Off-side.
8:36 of 2nd period - Anthony Cirelli wins face-off versus Lars Eller in neutral zone.
8:39 of 2nd period - Shot by Nicolas Roy.
8:39 of 2nd period - Stopped by Jake Oettinger without a rebound.
8:40 of 2nd period - John Tavares wins face-off versus Anthony Cirelli in Kraken zone.
8:46 of 2nd period - Icing by Travis Dermott.
8:47 of 2nd period - John Tavares wins face-off versus Anthony Cirelli in Kings zone.
9:52 of 2nd period - Shot by Mitch Marner.
9:52 of 2nd period - Shot Misses the Net.
9:56 of 2nd period - Shot by Alex Ovechkin.
9:56 of 2nd period - Stopped by Jake Oettinger without a rebound.
9:57 of 2nd period - Philip Tomasino wins face-off versus Lars Eller in Kraken zone.
9:59 of 2nd period - Minor Penalty to Damon Severson for Holding.
10:00 of 2nd period - Nathan MacKinnon wins face-off versus Joel Eriksson Ek in Kraken zone.
10:13 of 2nd period - Shot by Seth Jones.
10:13 of 2nd period - Shot Misses the Net.
10:25 of 2nd period - Shot by Mitch Marner.
10:25 of 2nd period - Shot Misses the Net.
10:39 of 2nd period - Shot by Seth Jones.
10:39 of 2nd period - Stopped by Jake Oettinger with a rebound.
11:15 of 2nd period - Shot by Josh Anderson.
11:15 of 2nd period - Stopped by Jake Oettinger without a rebound.
11:16 of 2nd period - Lars Eller wins face-off versus Anthony Cirelli in Kraken zone.
11:29 of 2nd period - Brenden Dillon is hit by Josh Anderson and loses puck.
12:31 of 2nd period - Shot by Craig Smith.
12:31 of 2nd period - Stopped by Jake Oettinger with a rebound.
13:03 of 2nd period - Shot by Pierre Engvall.
13:03 of 2nd period - Stopped by Jake Oettinger with a rebound.
14:00 of 2nd period - Shot by Alex Ovechkin.
14:00 of 2nd period - Shot Blocked by Brayden McNabb.
14:05 of 2nd period - Off-side.
14:06 of 2nd period - Joel Eriksson Ek wins face-off versus Anthony Cirelli in neutral zone.
14:06 of 2nd period - Joel Eriksson Ek is hit by Josh Anderson.
14:12 of 2nd period - Shot by Joel Eriksson Ek.
14:12 of 2nd period - Shot Misses the Net.
14:23 of 2nd period - Shot by Nicolas Roy.
14:23 of 2nd period - Deflect By Josh Anderson.
14:23 of 2nd period - Shot Misses the Net.
14:25 of 2nd period - Shot by Josh Anderson.
14:25 of 2nd period - Shot Blocked by Shayne Gostisbehere.
14:27 of 2nd period - Shot by Anthony Cirelli.
14:27 of 2nd period - Stopped by Jake Oettinger with a rebound.
14:29 of 2nd period - Shot by Anthony Cirelli.
14:29 of 2nd period - Stopped by Jake Oettinger with a rebound.
14:39 of 2nd period - Shot by Nicolas Roy.
14:39 of 2nd period - Stopped by Jake Oettinger with a rebound.
14:41 of 2nd period - Shot by Nicolas Roy.
14:41 of 2nd period - Stopped by Jake Oettinger without a rebound.
14:42 of 2nd period - Lars Eller wins face-off versus Philip Tomasino in Kraken zone.
14:53 of 2nd period - Philip Tomasino is hit by Lars Eller and loses puck.
15:17 of 2nd period - Icing by Brayden McNabb.
15:18 of 2nd period - Nathan MacKinnon wins face-off versus Lars Eller in Kraken zone.
15:23 of 2nd period - Shot by Alex Ovechkin.
15:23 of 2nd period - Stopped by Jake Oettinger without a rebound.
15:24 of 2nd period - Nathan MacKinnon wins face-off versus Joel Eriksson Ek in Kraken zone.
15:44 of 2nd period - Damon Severson is hit by Nathan MacKinnon and loses puck.
15:48 of 2nd period - Minor Penalty to Alex Ovechkin for Roughing.
15:49 of 2nd period - John Tavares wins face-off versus Pierre Engvall in Kings zone.
15:59 of 2nd period - Icing by Evan Rodrigues.
16:00 of 2nd period - John Tavares wins face-off versus Pierre Engvall in Kraken zone.
16:49 of 2nd period - Off-side.
16:50 of 2nd period - Joel Eriksson Ek wins face-off versus Pierre Engvall in neutral zone.
17:06 of 2nd period - Shot by Valeri Nichushkin.
17:06 of 2nd period - Shot Blocked by Noah Dobson.
17:08 of 2nd period - Shot by Nick Schmaltz.
17:08 of 2nd period - Stopped by Jordan Binnington without a rebound.
17:09 of 2nd period - Joel Eriksson Ek wins face-off versus Pierre Engvall in Kings zone.
17:16 of 2nd period - Shot by Joel Eriksson Ek.
17:16 of 2nd period - Shot Misses the Net.
17:18 of 2nd period - Shot by Jared Spurgeon.
17:18 of 2nd period - Stopped by Jordan Binnington without a rebound.
17:19 of 2nd period - Joel Eriksson Ek wins face-off versus Pierre Engvall in Kings zone.
17:44 of 2nd period - Shot by Valeri Nichushkin.
17:44 of 2nd period - Deflect By Nick Schmaltz.
17:44 of 2nd period - Stopped by Jordan Binnington without a rebound.
17:45 of 2nd period - John Tavares wins face-off versus Anthony Cirelli in Kings zone.
18:10 of 2nd period - Shot by Ross Colton.
18:10 of 2nd period - Stopped by Jordan Binnington with a rebound.
18:23 of 2nd period - Icing by Brenden Dillon.
18:24 of 2nd period - Derick Brassard wins face-off versus Anthony Cirelli in Kraken zone.
18:29 of 2nd period - Seth Jones is hit by Jay Beagle and loses puck.
19:33 of 2nd period - Shot by Mikhail Maltsev.
19:33 of 2nd period - Stopped by Jake Oettinger with a rebound.
Goals for this period are 0 for Kings vs 0 for Kraken.
Shots for this period are 13 for Kings vs 8 for Kraken.

3rd period


0:01 of 3rd period - Nathan MacKinnon wins face-off versus John Tavares in neutral zone.
1:55 of 3rd period - Minor Penalty to Lars Eller for Tripping.
1:56 of 3rd period - Evan Rodrigues wins face-off versus Alex Ovechkin in Kraken zone.
2:33 of 3rd period - Icing by Noah Dobson.
2:34 of 3rd period - Joel Eriksson Ek wins face-off versus Nathan MacKinnon in Kings zone.
3:16 of 3rd period - Off-side.
3:17 of 3rd period - Joel Eriksson Ek wins face-off versus Alex Ovechkin in neutral zone.
3:26 of 3rd period - Shot by Nathan MacKinnon.
3:26 of 3rd period - Stopped by Jake Oettinger without a rebound.
3:27 of 3rd period - Joel Eriksson Ek wins face-off versus Anthony Cirelli in Kraken zone.
4:21 of 3rd period - Shot by Craig Smith.
4:21 of 3rd period - Stopped by Jake Oettinger without a rebound.
4:22 of 3rd period - Mikhail Maltsev wins face-off versus Lars Eller in Kraken zone.
4:53 of 3rd period - Jeremy Lauzon is hit by Lars Eller and loses puck.
5:30 of 3rd period - Shot by Nathan MacKinnon.
5:30 of 3rd period - Shot Misses the Net.
5:46 of 3rd period - Shot by John Tavares.
5:46 of 3rd period - Shot Misses the Net.
5:48 of 3rd period - Shot by Brayden McNabb.
5:48 of 3rd period - Shot Misses the Net.
5:50 of 3rd period - Shot by Ondrej Palat.
5:50 of 3rd period - Stopped by Jordan Binnington without a rebound.
5:51 of 3rd period - Joel Eriksson Ek wins face-off versus Anthony Cirelli in Kings zone.
6:14 of 3rd period - Shot by Joel Eriksson Ek.
6:14 of 3rd period - Shot Misses the Net.
6:22 of 3rd period - Shot by Nick Schmaltz.
6:22 of 3rd period - Shot Misses the Net.
7:00 of 3rd period - Shot by Philip Tomasino.
7:00 of 3rd period - Stopped by Jake Oettinger without a rebound.
7:01 of 3rd period - John Tavares wins face-off versus Nathan MacKinnon in Kraken zone.
7:08 of 3rd period - Mitch Marner is hit by John Tavares and loses puck.
8:29 of 3rd period - Shot by Evan Rodrigues.
8:29 of 3rd period - Shot Misses the Net.
8:31 of 3rd period - Shot by Evan Rodrigues.
8:31 of 3rd period - Stopped by Jordan Binnington without a rebound.
8:32 of 3rd period - Joel Eriksson Ek wins face-off versus Philip Tomasino in Kings zone.
8:45 of 3rd period - Shot by Valeri Nichushkin.
8:45 of 3rd period - Stopped by Jordan Binnington with a rebound.
8:55 of 3rd period - Shot by Joel Eriksson Ek.
8:55 of 3rd period - Shot Misses the Net.
8:57 of 3rd period - Shot by Nick Schmaltz.
8:57 of 3rd period - Deflect By Joel Eriksson Ek.
8:57 of 3rd period - Shot Misses the Net.
9:03 of 3rd period - Shot by Valeri Nichushkin.
9:03 of 3rd period - Shot Misses the Net.
9:05 of 3rd period - Shot by Nick Schmaltz.
9:05 of 3rd period - Stopped by Jordan Binnington without a rebound.
9:06 of 3rd period - Anthony Cirelli wins face-off versus Ross Colton in Kings zone.
9:27 of 3rd period - Shot by Anthony Cirelli.
9:27 of 3rd period - Stopped by Jake Oettinger without a rebound.
9:28 of 3rd period - John Tavares wins face-off versus Mikhail Maltsev in Kraken zone.
9:41 of 3rd period - Shot by Viktor Arvidsson.
9:41 of 3rd period - Shot Misses the Net.
9:44 of 3rd period - Icing by Pierre Engvall.
9:45 of 3rd period - Mikhail Maltsev wins face-off versus Joel Eriksson Ek in Kings zone.
10:00 of 3rd period - Shot by Mikhail Maltsev.
10:00 of 3rd period - Stopped by Jake Oettinger without a rebound.
10:01 of 3rd period - John Tavares wins face-off versus Anthony Cirelli in Kraken zone.
10:25 of 3rd period - Shot by Viktor Arvidsson.
10:25 of 3rd period - Shot Misses the Net.
10:41 of 3rd period - Shot by Viktor Arvidsson.
10:41 of 3rd period - Shot Blocked by Travis Dermott.
11:09 of 3rd period - Shot by Nick Schmaltz.
11:09 of 3rd period - Shot Misses the Net.
11:17 of 3rd period - Nick Schmaltz is hit by Nathan MacKinnon and loses puck.
11:18 of 3rd period - Minor Penalty to Alex Ovechkin for Charging.
11:19 of 3rd period - John Tavares wins face-off versus Pierre Engvall in Kings zone.
11:48 of 3rd period - Shot by Mitch Marner.
11:48 of 3rd period - Goal by Mitch Marner - Kings : 2 - Kraken : 1.
11:49 of 3rd period - Joel Eriksson Ek wins face-off versus Pierre Engvall in neutral zone.
12:03 of 3rd period - Icing by Shayne Gostisbehere.
12:04 of 3rd period - Joel Eriksson Ek wins face-off versus Pierre Engvall in Kraken zone.
12:04 of 3rd period - Joel Eriksson Ek is hit by Mitch Marner.
12:30 of 3rd period - Icing by Shayne Gostisbehere.
12:31 of 3rd period - Valeri Nichushkin wins face-off versus Pierre Engvall in Kraken zone.
12:46 of 3rd period - Nick Schmaltz is hit by Pat Maroon and loses puck.
13:25 of 3rd period - Shot by Ross Colton.
13:25 of 3rd period - Stopped by Jordan Binnington with a rebound.
13:27 of 3rd period - Shot by Jay Beagle.
13:27 of 3rd period - Shot Blocked by Jake DeBrusk.
13:29 of 3rd period - Shot by Ross Colton.
13:29 of 3rd period - Stopped by Jordan Binnington without a rebound.
13:30 of 3rd period - Anthony Cirelli wins face-off versus Derick Brassard in Kings zone.
13:43 of 3rd period - Shot by Anthony Cirelli.
13:43 of 3rd period - Stopped by Jake Oettinger with a rebound.
14:29 of 3rd period - Shot by Phil Kessel.
14:29 of 3rd period - Deflect By Evan Rodrigues.
14:29 of 3rd period - Shot Misses the Net.
14:31 of 3rd period - Shot by Damon Severson.
14:31 of 3rd period - Stopped by Jordan Binnington without a rebound.
14:32 of 3rd period - John Tavares wins face-off versus Nathan MacKinnon in Kings zone.
14:41 of 3rd period - Shot by Ondrej Palat.
14:41 of 3rd period - Stopped by Jordan Binnington with a rebound.
15:01 of 3rd period - Shot by Alex Ovechkin.
15:01 of 3rd period - Shot Blocked by Ondrej Palat.
15:11 of 3rd period - Shot by Nathan MacKinnon.
15:11 of 3rd period - Stopped by Jake Oettinger without a rebound.
15:12 of 3rd period - Joel Eriksson Ek wins face-off versus Philip Tomasino in Kraken zone.
15:12 of 3rd period - Joel Eriksson Ek is hit by Craig Smith.
15:15 of 3rd period - Nick Schmaltz is hit by Craig Smith and loses puck.
15:19 of 3rd period - Off-side.
15:20 of 3rd period - Philip Tomasino wins face-off versus Joel Eriksson Ek in neutral zone.
15:20 of 3rd period - Travis Dermott is hit by Joel Eriksson Ek and loses puck.
15:26 of 3rd period - Off-side.
15:27 of 3rd period - Joel Eriksson Ek wins face-off versus Philip Tomasino in neutral zone.
15:27 of 3rd period - Joel Eriksson Ek is hit by Philip Tomasino.
15:33 of 3rd period - Shot by Nick Schmaltz.
15:33 of 3rd period - Shot Misses the Net.
15:55 of 3rd period - Shot by Philip Tomasino.
15:55 of 3rd period - Shot Misses the Net.
15:57 of 3rd period - Shot by Philip Tomasino.
15:57 of 3rd period - Deflect By Craig Smith.
15:57 of 3rd period - Stopped by Jake Oettinger without a rebound.
15:58 of 3rd period - Nathan MacKinnon wins face-off versus John Tavares in Kraken zone.
15:58 of 3rd period - Nathan MacKinnon is hit by Brayden McNabb.
16:05 of 3rd period - Mitch Marner is hit by Brayden McNabb.
16:07 of 3rd period - Shot by Nathan MacKinnon.
16:07 of 3rd period - Goal by Nathan MacKinnon - Kings : 3 - Kraken : 1.
16:08 of 3rd period - Lars Eller wins face-off versus Anthony Cirelli in neutral zone.
16:32 of 3rd period - Shot by Josh Anderson.
16:32 of 3rd period - Shot Misses the Net.
16:52 of 3rd period - Icing by Brenden Dillon.
16:53 of 3rd period - Lars Eller wins face-off versus Nathan MacKinnon in Kraken zone.
17:03 of 3rd period - Derek Forbort is hit by Nathan MacKinnon and loses puck.
17:34 of 3rd period - Shot by Viktor Arvidsson.
17:34 of 3rd period - Shot Misses the Net.
17:56 of 3rd period - Shot by John Tavares.
17:56 of 3rd period - Shot Misses the Net.
17:58 of 3rd period - Shot by Ondrej Palat.
17:58 of 3rd period - Stopped by Jordan Binnington with a rebound.
18:12 of 3rd period - Shot by Nick Schmaltz.
18:12 of 3rd period - Stopped by Jordan Binnington with a rebound.
18:14 of 3rd period - Shot by Nick Schmaltz.
18:14 of 3rd period - Stopped by Jordan Binnington with a rebound.
18:31 of 3rd period - Seth Jones is hit by Valeri Nichushkin.
18:46 of 3rd period - Icing by Ian Cole.
18:47 of 3rd period - Anthony Cirelli wins face-off versus Derick Brassard in Kings zone.
19:03 of 3rd period - Minor Penalty to Josh Anderson for Roughing.
19:04 of 3rd period - John Tavares wins face-off versus Pierre Engvall in Kings zone.
19:25 of 3rd period - Shot by Jared Spurgeon.
19:25 of 3rd period - Shot Misses the Net.
19:29 of 3rd period - Shot by Evan Rodrigues.
19:29 of 3rd period - Shot Misses the Net.
19:31 of 3rd period - Shot by John Tavares.
19:31 of 3rd period - Goal by John Tavares - Kings : 3 - Kraken : 2.
19:32 of 3rd period - John Tavares wins face-off versus Jake DeBrusk in neutral zone.
19:35 of 3rd period - Kraken, Jake Oettinger is pulled from the net.
19:35 of 3rd period - Shot by Nick Schmaltz.
19:35 of 3rd period - Stopped by Jordan Binnington without a rebound.
19:36 of 3rd period - John Tavares wins face-off versus Nathan MacKinnon in Kings zone.
19:37 of 3rd period - Shot by Joel Eriksson Ek.
19:37 of 3rd period - Shot Misses the Net.
19:39 of 3rd period - Shot by Joel Eriksson Ek.
19:39 of 3rd period - Stopped by Jordan Binnington with a rebound.
19:43 of 3rd period - Shot by Nick Schmaltz.
19:43 of 3rd period - Stopped by Jordan Binnington without a rebound.
19:44 of 3rd period - John Tavares wins face-off versus Mitch Marner in Kings zone.
19:52 of 3rd period - Shot by Nathan MacKinnon.
19:52 of 3rd period - Shot Misses the Net.
Goals for this period are 2 for Kings vs 1 for Kraken.
Shots for this period are 10 for Kings vs 15 for Kraken.




Output by the SimonT Hockey Simulator (STHS) for Tyler Bell - Original Page W3C HTML5 Valid
Hockey Simulator - Hockey Simulation - Hockey Manager